 Dungeon Crawl Stone Soup version 0.27.1-3-gb3d3a73c9e (webtiles) character file.

Game seed: 4374081763754160954

9101 Urokeeper the Brawler (level 11, -15/92 HPs)
             Began as a Troll Brigand on Oct 5, 2021.
             Was a Believer of Trog.
             Demolished by a cane toad (20 damage)
             ... on level 2 of the Lair of Beasts on Oct 6, 2021.
             The game lasted 00:36:43 (7945 turns).

Urokeeper the Brawler (Troll Brigand)               Turns: 7945, Time: 00:36:45

Health: -15/92     AC:  9    Str: 22    XL:     11   Next: 18%
Magic:  10/10      EV:  9    Int:  9    God:    Trog [**....]
Gold:   391        SH:  0    Dex: 13    Spells: 10/10 levels left

rFire    + . .     SeeInvis .     - Unarmed
rCold    x . .     Faith    .   (no shield)
rNeg     + . .     Spirit   .   I - +0 troll leather armour
rPois    .         Reflect  .   (helmet restricted)
rElec    .         Harm     .   c - +2 cloak
rCorr    .         Rampage  .   (gloves unavailable)
Will     .....                  (boots unavailable)
Stlth    ++........             E - amulet of regeneration
HPRegen  3.25/turn              l - ring of fire
MPRegen  0.12/turn              y - ring of positive energy

@: lethally poisoned (-15 -> -15)
A: large, unfitting armour, claws 3, regeneration 1, shaggy fur 1, tough skin 1,
clever 1
a: Renounce Religion, Berserk, Trog's Hand


You were on level 2 of the Lair of Beasts.
You worshipped Trog.
Trog was pleased with you.
You visited 3 branches of the dungeon, and saw 13 of its levels.
You also visited: Ossuary.

You collected 631 gold pieces.
You spent 240 gold pieces at shops.

Inventory:

Hand Weapons
 a - a +3 dagger
Missiles
 d - 13 poisoned darts (quivered)
Armour
 b - a +2 robe
 c - a +2 cloak (worn)
 A - +1 acid dragon scales
 I - a +0 troll leather armour (worn)
 J - a +2 robe of willpower
 L - +0 steam dragon scales
Jewellery
 l - a ring of fire (left claw)
 y - a ring of positive energy (right claw)
 z - a ring of ice
 E - an amulet of regeneration (around neck)
Wands
 r - a wand of paralysis (25)
 G - a wand of mindburst (18)
Scrolls
 g - 3 scrolls of noise
 m - 4 scrolls of amnesia
 n - a scroll of immolation
 q - a scroll of holy word
 s - 4 scrolls of teleportation
 u - 2 scrolls of vulnerability
 v - 3 scrolls of magic mapping
 x - a scroll of enchant weapon
 F - a scroll of brand weapon
 H - a scroll of summoning {unknown}
 K - 2 scrolls of fog
 M - a scroll of identify
Potions
 f - 9 potions of curing
 h - a potion of ambrosia
 i - 3 potions of heal wounds
 j - 2 potions of brilliance
 k - a potion of cancellation
 p - 6 potions of flight
 t - a potion of degeneration
 w - a potion of might {unknown}
 B - 3 potions of mutation
 C - 4 potions of magic
 D - a potion of attraction


   Skills:
 - Level 1.5 Fighting
 - Level 1.5 Short Blades
 - Level 1.7 Throwing
 + Level 1.0 Armour
 + Level 1.4 Dodging
 - Level 2.1 Stealth
 + Level 16.2 Unarmed Combat


You had 10 spell levels left.
You didn't know any spells.
Your spell library contained the following spells:

 Spells                   Type           Power      Damage    Failure   Level
 Static Discharge         Conj/Air       0%         N/A       56%         2
 Ozocubu's Armour         Ice            0%         N/A       80%         3
 Lightning Bolt           Conj/Air       0%         1d11      100%        5
 Maxwell's Capacitive Co  Air            0%         ∞         100%        8
 Polar Vortex             Ice            0%         N/A       100%        9


Dungeon Overview and Level Annotations

Branches:
Dungeon (10/15)            Temple (1/1) D:7            Lair (1/6) D:8
Ossuary (visited)
    Orc: D:9-12

Altars:
Ashenzari
Cheibriados
Dithmenos
Elyvilon
Fedhas
Gozag
Hepliaklqana
Makhleb
Nemelex Xobeh
Okawaru
Qazlal
Ru
Sif Muna
Trog
Uskayaw
Vehumet
Wu Jian
Xom
Yredelemnul
Zin
The Shining One
Lugonu

Shops:
D:7 (   D:8 !

Annotations:
D:4 3 runed translucent doors, Icepheonix32's ghost, amateur DsSu
Lair:1 exclusion: oklob plant
Lair:2 2 transporters, Urug


Innate Abilities, Weirdness & Mutations

You are too large for most types of armour.
You have claws for hands.
Your natural rate of healing is unusually fast.
You are covered in fur. (AC +1)
You have tough skin. (AC +1)
Your mind is acute. (Int +2)


Message History

The cane toad is moderately wounded.
The cane toad completely misses you.
You barely miss the cane toad.
The cane toad is moderately wounded.
The cane toad stings you!
You are poisoned.
The cane toad poisons you!
You scratch the cane toad but do no damage.
The cane toad is moderately wounded.
You feel very sick. The cane toad barely misses you.
You claw the cane toad!
The cane toad is heavily wounded.
You feel very sick. The cane toad stings you!
You claw the cane toad!
The cane toad is almost dead.
You feel sick.
You scratch the cane toad but do no damage.
Your claw misses the cane toad.
The cane toad is almost dead.
You feel sick.
The cane toad stings you but does no damage.
You closely miss the cane toad.
The cane toad is almost dead.
You feel sick.
You feel sick. The cane toad stings you!
* * * LOW HITPOINT WARNING * * *
Throw: dart (curare)
Press: ? - help, Q - select action, (/) - cycle Shift-Dir - straight line, f - cane toad
Aim: a cane toad (60% to hit)
You throw a curare-tipped dart.
The curare-tipped dart hits the cane toad.
You feel sick. The cane toad stings you!
* * * LOW HITPOINT WARNING * * *
The cane toad stings you.
* * * LOW HITPOINT WARNING * * *
Urug hits the fungus with a +0 double sword!!
The fungus begins to die.
The cane toad stings you!!
You die...

## #####.# .
####P#P..## ..
......P..##### ...
#..P..###...###
....#........F....#
..:F(....#...###o###
/..#(#....#.###PFF.#
. .>.#..##...###@###
..#.##...........# .
.. #.......##..P ...
.©.......#..## ###
######## ....


=!©$! #.... ##..# .##..# You could see Urug and 2 cane toads.

Vanquished Creatures
  2 two-headed ogres (D:10)
  A deep elf pyromancer (D:8)
  A cane toad (Lair:1)
  Maggie (D:8)
  2 trolls
  2 shadows
  A wyvern (D:7)
  17 yaks
  A wraith (D:9)
  Menkaure (Ossuary)
  An acid dragon (D:8)
  2 water moccasins
  An ice beast (D:6)
  3 orc warriors
  A black bear (D:8)
  2 sky beasts (D:7)
  A necrophage (D:5)
  7 centaurs
  An ogre (D:6)
  2 phantoms (D:7)
  2 wyvern zombies
  2 bullfrogs (D:8)
  2 scorpions
  4 crimson imps (D:9)
  3 centaur zombies
  3 orc priests
  3 centaur skeletons
  A hound (D:7)
  A bullfrog skeleton (D:7)
  A gnoll shaman (D:7)
  A jelly (D:6)
  2 iguanas
  4 orc wizards
  2 killer bee zombies
  3 mummies (Ossuary)
  A hound skeleton (D:4)
  A howler monkey zombie (D:9)
  3 gnolls (D:3)
  7 adders
  2 shadow imps
  3 white imps
  2 ufetubi
  3 dart slugs
  17 orcs
  2 bats
  6 endoplasms
  8 giant cockroaches
  5 gnoll zombies (Ossuary)
  6 goblins
  15 hobgoblins
  4 jackals (D:1)
  3 kobolds
  4 quokkas
  5 ball pythons
  2 frilled lizards (D:1)
  5 gnoll skeletons (Ossuary)
  4 goblin skeletons (Ossuary)
  5 goblin zombies (Ossuary)
  5 hobgoblin skeletons (Ossuary)
  3 hobgoblin zombies (Ossuary)
  A kobold skeleton (Ossuary)
  3 kobold zombies (Ossuary)
  5 orc skeletons (Ossuary)
  4 orc zombies (Ossuary)
  5 rat skeletons (Ossuary)
  5 rat zombies (Ossuary)
228 creatures vanquished.

Vanquished Creatures (others)
  4 fungi
  7 plants
11 creatures vanquished.

Grand Total: 239 creatures vanquished

Notes
Turn   | Place    | Note
-------+----------+-------------------------------------------
     0 | D:1      | Urokeeper the Troll Brigand began the quest for the Orb.
     0 | D:1      | Reached XP level 1. HP: 19/19 MP: 0/0
    79 | D:1      | Found a faded altar of an unknown god.
   158 | D:1      | Reached skill level 1 in Unarmed Combat
   255 | D:1      | Reached XP level 2. HP: 27/27 MP: 1/1
   304 | D:1      | Reached skill level 2 in Unarmed Combat
   655 | D:2      | Reached XP level 3. HP: 33/33 MP: 2/2
   695 | D:2      | Reached skill level 3 in Unarmed Combat
   965 | D:3      | Reached XP level 4. HP: 41/41 MP: 3/3
  1115 | D:3      | Found a burning altar of Makhleb.
  1123 | D:3      | Reached skill level 4 in Unarmed Combat
  1183 | D:3      | Got the Tome of Snow
  1219 | D:3      | Found a hazy altar of Hepliaklqana.
  1264 | D:3      | Found a glowing golden altar of the Shining One.
  1315 | D:3      | Reached XP level 5. HP: 23/48 MP: 4/4
  1355 | D:3      | Found a shimmering blue altar of Sif Muna.
  1750 | D:4      | Found a sand-covered staircase.
  1755 | D:4      | Reached skill level 5 in Unarmed Combat
  1763 | Ossuary  | Entered an ossuary
  2056 | Ossuary  | Noticed Menkaure
  2072 | Ossuary  | Killed Menkaure
  2073 | Ossuary  | Reached skill level 6 in Unarmed Combat
  2073 | Ossuary  | Reached XP level 6. HP: 15/55 MP: 5/5
  2503 | D:4      | Found a runed translucent gate.
  2575 | D:4      | Found a runed translucent gate.
  2575 | D:4      | Found a runed translucent gate.
  2580 | D:4      | Noticed Icepheonix32's ghost (amateur DsSu)
  2828 | D:5      | Entered Level 5 of the Dungeon
  2863 | D:5      | Identified the +2 plate armour of Shadows and Fog {rElec
                  | rC+ Str+2}
  2920 | D:5      | Reached skill level 7 in Unarmed Combat
  2924 | D:5      | Reached XP level 7. HP: 62/62 MP: 6/6
  3806 | D:6      | Reached skill level 8 in Unarmed Combat
  4133 | D:6      | Found an iron altar of Okawaru.
  4180 | D:6      | Found an ornate altar of the Wu Jian Council.
  4421 | D:6      | Reached skill level 9 in Unarmed Combat
  4421 | D:6      | Reached XP level 8. HP: 61/70 MP: 7/7
  4490 | D:6      | Found a sparkling altar of Nemelex Xobeh.
  4490 | D:6      | Found an opulent altar of Gozag.
  4495 | D:6      | Reached skill level 10 in Unarmed Combat
  4788 | D:7      | Found a staircase to the Ecumenical Temple.
  4790 | D:7      | Noticed a troll
  4806 | D:7      | Killed a troll
  4834 | Temple   | Entered the Ecumenical Temple
  4923 | Temple   | Became a worshipper of Trog the Wrathful
  4990 | D:7      | Reached skill level 11 in Unarmed Combat
  4999 | D:7      | Found a shadowy altar of Dithmenos.
  5012 | D:7      | Found Ibeodel's Antique Weapon Boutique.
  5226 | D:7      | Reached XP level 9. HP: 73/76 MP: 8/8
  5365 | D:7      | Found a glowing silver altar of Zin.
  5365 | D:7      | Noticed an angel
  5460 | D:8      | Reached skill level 12 in Unarmed Combat
  5471 | D:8      | Found a white marble altar of Elyvilon.
  5637 | D:8      | Noticed a deep elf pyromancer
  5646 | D:8      | Killed a deep elf pyromancer
  5647 | D:8      | Reached skill level 13 in Unarmed Combat
  5724 | D:8      | Found a stormy altar of Qazlal.
  5748 | D:8      | Found Vuang's Distillery.
  5756 | D:8      | Bought 2 potions of heal wounds for 120 gold pieces
  5756 | D:8      | Bought a potion of heal wounds for 60 gold pieces
  5756 | D:8      | Bought a potion of heal wounds for 60 gold pieces
  5841 | D:8      | Reached * piety under Trog
  5960 | D:8      | Found a broken altar of Ashenzari.
  6036 | D:8      | Found a staircase to the Lair.
  6098 | D:8      | Noticed Maggie
  6226 | D:9      | Reached XP level 10. HP: 63/85 MP: 9/9
  6247 | D:9      | Reached skill level 14 in Unarmed Combat
  6416 | D:9      | Found a shimmering altar of Xom.
  6758 | D:9      | Reached skill level 15 in Unarmed Combat
  6771 | D:9      | Gained mutation: Your mind is acute. (Int +2) [potion of
                  | mutation]
  6884 | D:10     | Entered Level 10 of the Dungeon
  6972 | D:10     | Noticed a two-headed ogre
  6982 | D:10     | Killed a two-headed ogre
  6982 | D:10     | Reached ** piety under Trog
  7103 | D:10     | Found a hide-covered altar of Uskayaw.
  7379 | D:10     | Reached XP level 11. HP: 72/92 MP: 10/10
  7598 | D:10     | Noticed a two-headed ogre
  7605 | D:10     | Killed a two-headed ogre
  7606 | D:10     | Reached skill level 16 in Unarmed Combat
  7640 | D:8      | Killed Maggie
  7641 | D:8      | Reached skill level 1 in Dodging
  7675 | Lair:1   | Entered Level 1 of the Lair of Beasts
  7683 | Lair:1   | Reached skill level 1 in Armour
  7825 | Lair:1   | Noticed an oklob plant
  7917 | Lair:1   | You fall into a shaft and drop 1 floor!
  7917 | Lair:2   | Noticed Urug
  7917 | Lair:2   | Found a transporter.
  7917 | Lair:2   | Found a transporter.
  7945 | Lair:2   | Demolished by a cane toad

Illustrated notes

Levels and vault maps discovered:
D:1:      minmay_arrival_hallway, layout_loops_ring, basic_ecumenical_altar,
          roderic_roman_lattice, minmay_misc_feat_rugged
D:2:      layout_basic
D:3:      layout_loops_ring, mainiacjoe_overflow_six_doors_small,
          nicolae_hepliaklqana_hazy_memory, nicolae_overflow_hidden_temple,
          mainiacjoe_overflow_cross_hatched
D:4:      layout_basic, gup_sewer_entry_pipe, chequers_ossuary_entry_cave,
          ebering_ghost_rock_garden, minmay_goblin_kobold_house
D:5:      layout_loops_ring, columned_hall_lemuel, chequers_big_river
D:6:      layout_loops_ring, grunt_temple_overflow_opulence, okawaru_trees_2,
          nicolae_wu_jian_wuxing_cycle
D:7:      wad_crossroads, layout_rooms, old_standard_altar, zin_angel,
          minmay_temple_entry_sparse_star, serial_shops, shop
D:8:      minmay_spotlight, layout_rooms, lemuel_doored_altar,
          marbit_many_paths, nicolae_qazlal_general_emergency,
          mainiacjoe_overflow_alcove_1, grunt_lair_entry_orc_guard_hut,
          serial_shops, shop, minivault_14, minmay_misc_feat_hallway,
          uniq_maggie
D:9:      layout_basic, led_xom_imps, serial_glass, glass_columns_c,
          glass_columns_a, due_unseen_surprise, kennysheep_generic_room_14
D:10:     layout_loops_cross, mainiacjoe_overflow_brackets
Temple:   corrupted_temple
Lair:1:   layout_regular_city, minivault_11, minmay_lair_oklob_bushes
Lair:2:   layout_loops_ring, nicolae_swamp_entry_splash_gauntlet,
          gammafunk_ghost_hive, cheibrodos_lair_lostbears, uniq_urug

Skill      XL: |  1  2  3  4  5  6  7  8  9 10 11 |
---------------+----------------------------------+-----
Unarmed Combat | 1 2 3 4 6 7 9 11 13 15 16 | 16.2
Dodging        | 1 |  1.4
Armour         | 1 |  1.0
Fighting       | |  1.5
Short Blades   | |  1.5
Throwing       | |  1.7
Stealth        | |  2.1

Action                   |  1- 3 |  4- 6 |  7- 9 | 10-12 || total
-------------------------+-------+-------+-------+-------++-------
Melee: Unarmed           |    76 |   226 |   253 |   145 ||   700
       Punch             |       |     6 |    14 |    13 ||    33
Throw: Dart              |       |     2 |     1 |     3 ||     6
       Throwing net      |       |       |     1 |       ||     1
Evoke: Wand              |       |     3 |       |       ||     3
  Use: Scroll            |       |     9 |    10 |     5 ||    24
       Potion            |       |     1 |     4 |     4 ||     9
 Stab: Sleeping          |     2 |     6 |     4 |       ||    12
       Paralysed         |       |     7 |       |       ||     7
Armor: Robe              |    27 |    67 |    86 |       ||   180
       Acid dragon scale |       |       |    15 |    26 ||    41
       Troll leather arm |       |       |       |    16 ||    16
Dodge: Dodged            |    33 |    77 |   101 |    57 ||   268
